 Dungeon Crawl Stone Soup version 0.31-a0-202-g547052bce9 (webtiles) character file.

Game seed: 18237755974829986291

29 qw the Shooter (level 3, -1/20 HPs)
             Began as a Deep Elf Hunter on June 26, 2023.
             Slain by Terence
             ... wielding a +0 flail
              (8 damage)
             ... on level 2 of the Dungeon.
             The game lasted 00:00:18 (658 turns).

qw the Shooter (Deep Elf Hunter)                     Turns: 658, Time: 00:00:19

Health: -1/20      AC:  6    Str: 10    XL:     3   Next: 1%
Magic:  5/5        EV:  9    Int: 13    God:
Gold:   24         SH:  0    Dex: 18    Spells: 2/2 levels left

rFire   . . .        Y - +1 shortbow
rCold   . . .        (shield currently unavailable)
rNeg    . . .        d - +0 scale mail
rPois   .            (no helmet)
rElec   .            (no cloak)
rCorr   .            (no gloves)
SInv    .            (no boots)
Will    .....        (no amulet)
Stlth   +            (no ring)
HPRegen 0.23/turn    (no ring)
MPRegen 0.09/turn

%: no passive effects
@: no status effects
A: no striking features
a: no special abilities


You were on level 2 of the Dungeon.
You visited 1 branch of the dungeon, and saw 2 of its levels.

You collected 24 gold pieces.


   Skills:
 - Level 1.5 Fighting
 + Level 6.6 Ranged Weapons
 - Level 2.4 Dodging
 - Level 1.2 Stealth


You had 2 spell levels left.
You didn't know any spells.
Your spell library was empty.

Inventory:

Hand Weapons
 Y - a +1 shortbow (weapon)
Armour
 d - a +0 scale mail (worn)
Jewellery
 g - a ring of fire
Scrolls
 a - a scroll of identify {unknown}
Potions
 b - 2 potions of invisibility {unknown}
 c - a potion of attraction {unknown}

Dungeon Overview and Level Annotations

Branches:
Dungeon (2/15)

Altars:

Shops:
D:2 =

Annotations:
D:2 Terence


Message History

You shoot an arrow. The arrow hits the rat!
You kill the rat!
Found 5 poisoned darts.
Found a sling.
Enter note:
b - 2 smoky red potions
Enter note:
c - a murky puce potion
Enter note: A kobold comes into view. It is wielding a +0 whip.
The kobold shouts!
You hear a shout!
Enter note: You shoot an arrow.
The arrow hits the kobold.
You kill the kobold!
You have reached level 3!
Your experience leads to an increase in your attributes!
Increase (S)trength, (I)ntelligence, or (D)exterity?
You feel stronger. x2
Terence the Incautious comes into view.
He is wielding a +0 flail.
Terence shouts!
Enter note: You shoot an arrow.
The arrow hits Terence but does no damage.
You shoot an arrow. The arrow hits Terence.
Terence is moderately wounded.
You shoot an arrow. The arrow barely misses Terence.
You shoot an arrow. The arrow closely misses Terence.
You shoot an arrow. The arrow barely misses Terence.
Terence completely misses you. Terence closely misses you.
You shoot an arrow. The arrow closely misses Terence.
Terence closely misses you.
You shoot an arrow. The arrow completely misses Terence.
Terence hits you with a +0 flail.
You shoot an arrow.
The arrow hits Terence but does no damage.
Terence is lightly wounded.
Terence hits you with a +0 flail!
Ouch! That really hurt!
Terence hits you with a +0 flail!
You die...

..# ..# ###.# #.#
...##### ... ......
#.#######...
#.#...).#.########
#.#...............
#@#...#.#.#.#.####
#.####@#...#.#.#.#.#...
#..........#.#.#.#.#.##
############.#.#.#.#.#.
..#.#...#.#.
###.#####.# #.....#.#
#..##.#.# #..##.#.#
###..##.#.##


You could see Terence.

Vanquished Creatures
  2 endoplasms
  A giant cockroach (D:1)
  A goblin (D:1)
  4 hobgoblins (D:1)
  2 quokkas (D:1)
  3 ball pythons (D:1)
  6 bats
  5 kobolds
  3 rats
27 creatures vanquished.

Notes
Turn   | Place    | Note
-------+----------+-------------------------------------------
     0 | D:1      | qw the Deep Elf Hunter began the quest for the Orb.
     0 | D:1      | Reached XP level 1. HP: 12/12 MP: 3/3
     0 | D:1      | 0 ||| qw: Version: 0.3-a-22-g0ed2b0b
     0 | D:1      | 0 ||| qw: Game counter: 5931
     0 | D:1      | 0 ||| qw: Melee chars always use a shield: true
     0 | D:1      | 0 ||| qw: God list: Okawaru
     0 | D:1      | 0 ||| qw: Allow faded altars: false
     0 | D:1      | 0 ||| qw: Do Orc after clearing Dungeon:15 true
     0 | D:1      | 0 ||| qw: Do second Lair branch before Depths: true
     0 | D:1      | 0 ||| qw: Lair rune preference: random
     0 | D:1      | 0 ||| qw: Goals: Normal
     0 | D:1      | 0 ||| PLANNING D:1-11
    35 | D:1      | 35 ||| FLEEEEING.
    75 | D:1      | Reached skill level 6 in Ranged Weapons
    75 | D:1      | Reached XP level 2. HP: 16/16 MP: 4/4
   133 | D:1      | 133 ||| Stepping ~*~*~tactically~*~*~ (water).
   476 | D:1      | 476 ||| UPGRADING to +0 scale mail.
   486 | D:1      | 486 ||| DROPPING +0 leather armour.
   487 | D:1      | 487 ||| READING scroll labelled KOOPPE ZYO.
   488 | D:1      | 488 ||| READING scroll labelled CARCHI GARIKHU.
   492 | D:1      | 492 ||| DROPPING scroll of butterflies.
   541 | D:2      | Found Pumuv's Jewellery Shoppe.
   555 | D:2      | 555 ||| SHOPLISTING amulet of reflection (330 gold, have
                  | 24).
   555 | D:2      | 555 ||| SHOPLISTING amulet of regeneration (330 gold, have
                  | 24).
   555 | D:2      | 555 ||| SHOPLISTING amulet of the acrobat (330 gold, have
                  | 24).
   555 | D:2      | 555 ||| SHOPLISTING ring of fire (275 gold, have 24).
   555 | D:2      | 555 ||| SHOPLISTING ring of ice (275 gold, have 24).
   555 | D:2      | 555 ||| SHOPLISTING ring of resist corrosion (220 gold,
                  | have 24).
   650 | D:2      | Reached XP level 3. HP: 20/20 MP: 5/5
   650 | D:2      | Noticed Terence
   658 | D:2      | Slain by Terence

Levels and vault maps discovered:
D:1:      lordsloth_arrival_two_stooges, layout_rooms, serial_bayou_ford_a
D:2:      layout_basic, serial_shops, shop, uniq_terence

Skill      XL: |  1 |
---------------+----+-----
Ranged Weapons | 6 |  6.6
Fighting       | |  1.5
Dodging        | |  2.4
Stealth        | |  1.2

Action                     || total
---------------------------++-------
   Fire: Shortbow          ||    69
    Use: Scroll            ||     2
 Armour: Leather armour    ||     2
         Scale mail        ||     1
  Dodge: Dodged            ||     7

Table legend:
 A = Non-vault XP
 B = Vault XP
 C = Vault XP percentage of total XP
 D = Non-vault monster count
 E = Vault monster count
 F = Vault count percentage of total count
                 A         B        C        D         E       F
            +---------+---------+-------+---------+---------+-------
      Total |      42 |       0 |   0.0 |      27 |       0 |   0.0
            +---------+---------+-------+---------+---------+-------
        D:1 |      36 |       0 |   0.0 |      23 |       0 |   0.0
        D:2 |       6 |       0 |   0.0 |       4 |       0 |   0.0
            +---------+---------+-------+---------+---------+-------
